 Dungeon Crawl Stone Soup version 0.31-a0-75-g6fe912e8c5 (webtiles) character file.

Game seed: 9592674199613347430

294 Jeffwins the Ogre Mage (level 6, -4/59 HPs)
             Began as an Ogre Fire Elementalist on May 23, 2023.
             Succumbed to Sigmund's poison
             ... on level 3 of the Dungeon.
             The game lasted 00:02:51 (2459 turns).

Jeffwins the Ogre Mage (Ogre Fire Elementalist)     Turns: 2459, Time: 00:02:51

Health: -4/59      AC:  5    Str: 13    XL:     6   Next: 33%
Magic:  0/12       EV:  9    Int: 18    God:
Gold:   147        SH:  0    Dex:  9    Spells: 10/13 levels left

rFire   . . .        g - +1 dagger (venom)
rCold   . . .        (no shield)
rNeg    . . .        a - +0 robe
rPois   .            j - +2 hat
rElec   .            e - scarf {repulsion}
rCorr   .            (gloves unavailable)
SInv    .            (boots unavailable)
Will    .....        (no amulet)
Stlth   ++           (no ring)
HPRegen 0.29/turn    (no ring)
MPRegen 0.13/turn

%: repel missiles
@: lethally poisoned (-4 -> -25)
A: large, unfitting armour, tough skin 1
a: no special abilities


You were on level 3 of the Dungeon.
You visited 1 branch of the dungeon, and saw 3 of its levels.

You collected 147 gold pieces.


Innate Abilities, Weirdness & Mutations

You are too large for most types of armour.
You have tough skin. (AC +1)


   Skills:
 + Level 2.6 Fighting
 - Level 1.7 Dodging
 + Level 2.1 Stealth
 * Level 4.0 Spellcasting
 * Level 2.8 Conjurations
 * Level 3.9 Fire Magic


You had 10 spell levels left.
You knew the following spells:

 Your Spells              Type           Power      Damage    Failure   Level
x - Scorch                Fire           34%        2d6       4%          2
z - Foxfire               Conj/Fire      56%        2x1d6     4%          1

Your spell library contained the following spells:

 Spells                   Type           Power      Damage    Failure   Level
 Inner Flame              Hex/Fire       8%         N/A       24%         3
 Volatile Blastmotes      Fire/Tloc      16%        2d11      24%         3
 Flame Wave               Conj/Fire      14%        2d6       41%         4

Inventory:

Hand Weapons
 g - a +1 dagger of venom (weapon)
Armour
 a - a +0 robe (worn)
 e - a scarf of repulsion (worn)
 j - a +2 hat (worn)
Magical Staves
 h - a staff of earth
Scrolls
 c - a scroll of noise {unknown}
 f - a scroll of torment {unknown}
 i - a scroll of silence {unknown}
 l - a scroll of identify {unknown}
Potions
 b - 2 potions of magic
 d - a potion of cancellation
 k - a potion of might {unknown}

Dungeon Overview and Level Annotations

Branches:
Dungeon (3/15)

Altars:
Okawaru

........# .....§..#
.....§v§# ......§.#
..v...§.# ...§....#
#.# ....§)§.#####
#.# .....§v@v...###
#.# #####.§.###...##
#.#
#..?##.....####.####
#...##........#.##..
#...##.....#..#.##.#
#########......)##.#
####......>.
#####)### ###.###


There were no monsters in sight!


Message History

The foxfire hits something but does no damage.
Something hits you!
* * * LOW HITPOINT WARNING * * *
You are more poisoned.
Casting: Foxfire (safe; 6% risk of failure)
Confirm with . or Enter, or press ? or * to list all spells.
You conjure some foxfire!
* * * LOW HITPOINT WARNING * * *
You feel extremely sick.
The foxfire hits something.
Reactivating autopickup.
You feel a bit more experienced.
Your Fighting skill increases to level 2!
Your Stealth skill increases to level 2!
Your Spellcasting skill increases to level 4!
You have reached level 6!
You feel stronger.
Casting: Foxfire (safe; 4% risk of failure)
Confirm with . or Enter, or press ? or * to list all spells.
You conjure some foxfire!
* * * LOW HITPOINT WARNING * * *
You feel very sick.
Your foxfire dissipates!
Unknown command.
Casting: Foxfire (safe; 4% risk of failure)
Confirm with . or Enter, or press ? or * to list all spells.
You don't have enough magic to cast this spell.
Unknown command.
It was a potion of cancellation.
You feel magically purged.
You die...

Skill      XL: |  1  2  3  4  5 |
---------------+----------------+-----
Conjurations   | 1 2 |  2.8
Fire Magic     | 3 |  3.9
Spellcasting   | 3 4 |  4.0
Fighting       | 1 2 |  2.6
Stealth        | 2 |  2.1
Dodging        | |  1.7

Action                     |  1- 3 |  4- 6 || total
---------------------------+-------+-------++-------
  Melee: Dagger            |    72 |    28 ||   100
         Punch             |       |     2 ||     2
   Cast: Foxfire           |    53 |    41 ||    94
         Scorch            |       |     1 ||     1
    Use: Potion            |       |     1 ||     1
   Stab: Sleeping          |       |     1 ||     1
 Armour: Robe              |    36 |    14 ||    50
  Dodge: Dodged            |    42 |    18 ||    60
         Repelled          |       |     1 ||     1

Levels and vault maps discovered:
D:1:      dpeg_cavernosity, layout_loops_ring
D:2:      layout_rooms, basic_altar, kennysheep_generic_room_4
D:3:      layout_basic, chequers_temple_overflow_statue_of_worship,
          corexii_corridor_pit, nicolae_grassy_gnolls, uniq_crazy_yiuf_cottage,
          uniq_terence, uniq_sigmund

Notes
Turn   | Place    | Note
-------+----------+-------------------------------------------
     0 | D:1      | Jeffwins the Ogre Fire Elementalist began the quest for the
                  | Orb.
     0 | D:1      | Reached XP level 1. HP: 16/16 MP: 3/3
   141 | D:1      | Reached skill level 1 in Conjurations
   259 | D:1      | Reached XP level 2. HP: 26/26 MP: 1/5
   539 | D:1      | Reached skill level 3 in Fire Magic
   544 | D:1      | Reached XP level 3. HP: 24/32 MP: 7/7
   612 | D:1      | Reached skill level 3 in Spellcasting
   765 | D:1      | Reached skill level 1 in Fighting
  1516 | D:2      | Found an iron altar of Okawaru.
  1523 | D:2      | Reached XP level 4. HP: 41/41 MP: 3/8
  1529 | D:2      | Learned a level 2 spell: Scorch
  1805 | D:2      | Reached skill level 2 in Conjurations
  2316 | D:3      | Noticed Terence
  2355 | D:3      | Killed Terence
  2356 | D:3      | Reached XP level 5. HP: 44/49 MP: 1/10
  2446 | D:3      | Noticed Sigmund
  2457 | D:3      | Killed Sigmund
  2458 | D:3      | Reached skill level 2 in Fighting
  2458 | D:3      | Reached skill level 2 in Stealth
  2458 | D:3      | Reached skill level 4 in Spellcasting
  2458 | D:3      | Reached XP level 6. HP: 7/59 MP: 1/12
  2458 | D:3      | HP: 1/59 [poisoned by Sigmund]
  2459 | D:3      | Succumbed to Sigmund's poison

Vanquished Creatures
  Sigmund (D:3)
  Terence (D:3)
  4 adders (D:2)
  2 dart slugs
  7 endoplasms
  2 giant cockroaches (D:1)
  8 goblins
  3 hobgoblins
  7 jackals (D:1)
  3 kobolds
  2 quokkas
  5 ball pythons
  7 bats
  2 frilled lizards
  3 rats
57 creatures vanquished.

Vanquished Creatures (others)
  157 foxfires
157 creatures vanquished.

Grand Total: 214 creatures vanquished

Table legend: (Time is in decaauts)
 A = Elapsed time spent in this place.
 B = Non-inter-level travel time spent in this place.
 C = Inter-level travel time spent in this place.
 D = Time resting spent in this place.
 E = Time spent auto-exploring this place.
 F = Levels seen in this place.
 G = Mean time per level.
                   A        B        C        D        E       F      G
               +--------+--------+--------+--------+--------+-----+--------+
         Total |   2457 |   2359 |     98 |      0 |   1962 |   3 |  819.0 |
       Dungeon |   2457 |   2359 |     98 |      0 |   1962 |   3 |  819.0 |
               +--------+--------+--------+--------+--------+-----+--------+

Top non-repeatable levels by time:
     D:1: 1363 daAuts
     D:2: 905 daAuts
     D:3: 188 daAuts

Table legend:
 A = Non-vault XP
 B = Vault XP
 C = Vault XP percentage of total XP
 D = Non-vault monster count
 E = Vault monster count
 F = Vault count percentage of total count
                 A         B        C        D         E       F
            +---------+---------+-------+---------+---------+-------
      Total |     138 |     282 |  67.1 |      51 |       6 |  10.5
            +---------+---------+-------+---------+---------+-------
        D:1 |      50 |       5 |   9.1 |      27 |       4 |  12.9
        D:2 |      82 |       0 |   0.0 |      21 |       0 |   0.0
        D:3 |       6 |     277 |  97.9 |       3 |       2 |  40.0
            +---------+---------+-------+---------+---------+-------
